 Dungeon Crawl Stone Soup version 0.31-a0-229-g1fc7ce93e2 (webtiles) character file.

Game seed: 6608290596292582498

31 qw the Shooter (level 3, -2/21 HPs)
             Began as a Gargoyle Hexslinger on July 6, 2023.
             Slain by Sigmund
             ... wielding a +0 scythe
              (5 damage)
             ... on level 2 of the Dungeon.
             The game lasted 00:00:22 (1166 turns).

qw the Shooter (Gargoyle Hexslinger)                Turns: 1166, Time: 00:00:22

Health: -2/21      AC:  7    Str: 11    XL:     3   Next: 22%
Magic:  4/4        EV: 11    Int: 13    God:
Gold:   81         SH:  0    Dex: 14    Spells: 3/4 levels left

rFire   . . .        Y - +1 sling
rCold   . . .        (no shield)
rNeg    + . .        d - +0 leather armour
rPois   inf          (no helmet)
rElec   +            h - +0 cloak
rCorr   .            (no gloves)
SInv    .            (no boots)
Will    .....        (no amulet)
Stlth   +            (no ring)
HPRegen 0.23/turn    (no ring)
MPRegen 0.09/turn

%: no passive effects
@: no status effects
A: sickness immunity, AC +3, negative energy resistance 1, electricity
resistance, torment resistance 1, petrification resistance
a: no special abilities


You were on level 2 of the Dungeon.
You visited 1 branch of the dungeon, and saw 2 of its levels.

You collected 81 gold pieces.


Innate Abilities, Weirdness & Mutations

You are immune to sickness and miasma.
Your stone body is resilient. (AC +3)
You are immune to poison.
You resist negative energy. (rN+)
You are resistant to electric shocks. (rElec)
You are resistant to unholy torment.
You are immune to petrification.


   Skills:
 - Level 2.0 Fighting
 + Level 3.2 Ranged Weapons
 - Level 1.5 Dodging
 - Level 1.0 Spellcasting
 - Level 2.6 Hexes


You had 3 spell levels left.
You knew the following spells:

 Your Spells              Type           Power      Damage    Failure   Level
a - Slow                  Hex            28%        N/A       12%         1

Your spell library contained the following spells:

 Spells                   Type           Power      Damage    Failure   Level
 Inner Flame              Hex/Fire       4%         N/A       54%         3
 Portal Projectile        Hex/Tloc       8%         N/A       54%         3
 Cause Fear               Hex            3%         N/A       77%         4

Inventory:

Hand Weapons
 Y - a +1 sling (weapon)
Armour
 d - a +0 leather armour (worn)
 h - a +0 cloak (worn)
Scrolls
 a - a scroll of identify
Potions
 g - a potion of might

Dungeon Overview and Level Annotations

Branches:
Dungeon (2/15)

Altars:

Annotations:
D:2 Sigmund


Message History

A rat comes into view.
You shoot a sling bullet. The sling bullet hits the rat.
You kill the rat!
Sigmund the Dreaded comes into view.
He is wielding a +0 scythe.
Found a scratched moonstone ring.
Sigmund shouts!
Sigmund casts a spell at you. The puff of flame hits you.
You shoot a sling bullet.
The sling bullet closely misses Sigmund.
You shoot a sling bullet.
The sling bullet closely misses Sigmund.
You shoot a sling bullet.
The sling bullet hits Sigmund but does no damage.
Sigmund casts a spell at you.
You are confused.
1152 ||| DRINKING potion of curing.
You feel better.
1152 ||| (to cure confusion)
You shoot a sling bullet.
The sling bullet closely misses Sigmund.
You shoot a sling bullet.
The sling bullet hits Sigmund but does no damage.
Sigmund barely misses you.
You shoot a sling bullet. The sling bullet hits Sigmund.
Sigmund is lightly wounded.
Sigmund completely misses you.
You shoot a sling bullet. The sling bullet hits Sigmund!
Sigmund is moderately wounded.
Sigmund gestures at you while chanting.
You are confused.
Sigmund hits you from afar with a +0 scythe.
Sigmund points at you and mumbles some strange words.
The puff of flame hits you!
Sigmund points at you and mumbles some strange words.
The magic dart hits you.
Sigmund hits you from afar with a +0 scythe.
Sigmund hits you from afar with a +0 scythe.
You feel less confused.
Sigmund hits you from afar with a +0 scythe.
You die...

####.### .....%.#
###......# #........##
#..#.#....# #
#..#.#....#
#+#.#.@#.#....#######
.=...................<
......@##.#...<######.
..........#.####
.......####.# .......
..# ....... ####
....... ##


You could see Sigmund.

Vanquished Creatures
  A dart slug (D:1)
  4 endoplasms (D:1)
  2 hobgoblins (D:1)
  2 jackals (D:1)
  A quokka (D:1)
  3 ball pythons (D:1)
  A bat (D:1)
  3 frilled lizards (D:1)
  3 goblins (D:1)
  3 kobolds (D:1)
  6 rats
29 creatures vanquished.

Notes
Turn   | Place    | Note
-------+----------+-------------------------------------------
     0 | D:1      | qw the Gargoyle Hexslinger began the quest for the Orb.
     0 | D:1      | Reached XP level 1. HP: 12/12 MP: 2/2
     0 | D:1      | 0 ||| qw: Version: 0.3-a-46-gb1f654a
     0 | D:1      | 0 ||| qw: Game counter: 1114
     0 | D:1      | 0 ||| qw: Melee chars always use a shield: true
     0 | D:1      | 0 ||| qw: God list: Okawaru
     0 | D:1      | 0 ||| qw: Allow faded altars: false
     0 | D:1      | 0 ||| qw: Do Orc after clearing Dungeon:15 true
     0 | D:1      | 0 ||| qw: Do second Lair branch before Depths: true
     0 | D:1      | 0 ||| qw: Lair rune preference: random
     0 | D:1      | 0 ||| qw: Goals: Normal
     0 | D:1      | 0 ||| PLANNING D:1-11
    74 | D:1      | HP: 3/12 [goblin/+0 dagger (3)]
   153 | D:1      | Reached XP level 2. HP: 16/16 MP: 3/3
   399 | D:1      | Reached skill level 3 in Ranged Weapons
   797 | D:1      | Reached XP level 3. HP: 21/21 MP: 4/4
  1099 | D:1      | 1099 ||| UPGRADING to +0 leather armour.
  1109 | D:1      | 1109 ||| DROPPING +0 robe.
  1110 | D:1      | 1110 ||| UPGRADING to +0 cloak.
  1115 | D:1      | 1115 ||| READING 4 scrolls labelled ICIESM ERAOWK.
  1116 | D:1      | 1116 ||| READING 3 scrolls of identify.
  1116 | D:1      | 1116 ||| IDENTIFYING blue potion
  1117 | D:1      | 1117 ||| READING 2 scrolls of identify.
  1117 | D:1      | 1117 ||| IDENTIFYING puce potion
  1118 | D:1      | 1118 ||| DROPPING scroll of poison.
  1148 | D:2      | Noticed Sigmund
  1152 | D:2      | 1152 ||| DRINKING potion of curing.
  1152 | D:2      | 1152 ||| (to cure confusion)
  1161 | D:2      | HP: 5/21 [Sigmund/+0 scythe (2)]
  1162 | D:2      | HP: 2/21 [Sigmund/+0 scythe (3)]
  1166 | D:2      | Slain by Sigmund

Levels and vault maps discovered:
D:1:      minmay_arrival_stair_chambers, layout_basic, minmay_bisected
D:2:      layout_basic, ebering_ecumenical_altar_rust, uniq_sigmund

Skill      XL: |  1  2 |
---------------+-------+-----
Ranged Weapons | 3 |  3.2
Fighting       | 2 |  2.0
Dodging        | |  1.5
Spellcasting   | |  1.0
Hexes          | |  2.6

Action                     || total
---------------------------++-------
   Fire: Sling             ||    76
    Use: Scroll            ||     3
         Potion            ||     1
 Armour: Robe              ||     3
  Dodge: Dodged            ||     8

Table legend:
 A = Non-vault XP
 B = Vault XP
 C = Vault XP percentage of total XP
 D = Non-vault monster count
 E = Vault monster count
 F = Vault count percentage of total count
                 A         B        C        D         E       F
            +---------+---------+-------+---------+---------+-------
      Total |      42 |       3 |   6.7 |      27 |       2 |   6.9
            +---------+---------+-------+---------+---------+-------
        D:1 |      41 |       3 |   6.8 |      26 |       2 |   7.1
        D:2 |       1 |       0 |   0.0 |       1 |       0 |   0.0
            +---------+---------+-------+---------+---------+-------
